 Dungeon Crawl Stone Soup version 0.23.2-1-ga50397a (webtiles) character file.

Game seed: 14224681188310611690

1740 davaitedunem the Cleaver (level 8, 0/96 HPs)
             Began as a Minotaur Berserker on Apr 24, 2019.
             Was a Priest of Trog.
             Slain by an orc warrior
             ... wielding a +0 halberd
              (9 damage)
             ... on level 6 of the Dungeon.
             The game lasted 00:16:51 (3456 turns).

davaitedunem the Cleaver (Minotaur Berserker)       Turns: 3456, Time: 00:16:52

Health: 0/96       AC: 15    Str: 29    XL:     8   Next: 77%
Magic:  7/7        EV:  8    Int:  4    God:    Trog [***...]
Gold:   351        SH:  0    Dex: 10    Spells: 7/7 levels left

rFire    . . .     SeeInvis .   a - +0 hand axe
rCold    . . .     Gourm    .   (no shield)
rNeg     . . .     Faith    .   q - +0 plate armour
rPois    .         Spirit   .   (helmet restricted)
rElec    .         Reflect  .   m - +2 cloak
rCorr    .         Harm     .   (no gloves)
MR       ++...                  d - +0 pair of boots
Stlth    ..........             (no amulet)
HPRegen  1.26/turn              (no ring)
MPRegen  0.10/turn              (no ring)

@: berserking, regenerating, very quick
A: retaliatory headbutt, horns 2
a: Berserk, Trog's Hand, Renounce Religion


You were on level 6 of the Dungeon.
You worshipped Trog.
Trog was most pleased with you.
You were hungry.

You visited 1 branch of the dungeon, and saw 6 of its levels.

You collected 351 gold pieces.

Inventory:

Hand Weapons
 a - a +0 hand axe (weapon)
Armour
 d - a +0 pair of boots (worn)
 m - a +2 cloak (worn)
 o - a +3 ring mail of fire resistance
 q - a +0 plate armour (worn)
Jewellery
 j - a cursed -3 ring of intelligence {unknown}
Wands
 n - a wand of flame (25)
 u - a wand of scattershot (6)
Scrolls
 b - 5 scrolls of teleportation {unknown}
 g - a scroll of fear
 h - a scroll of enchant weapon {unknown}
 l - a scroll of amnesia {unknown}
 r - a scroll of fog
 s - a scroll of noise {unknown}
 t - 2 scrolls of identify
Potions
 e - a potion of haste {unknown}
 f - 2 potions of might
 i - a potion of flight {unknown}
 k - a potion of curing {unknown}
Comestibles
 c - 11 rations
 p - 4 chunks of flesh


   Skills:
 - Level 3.6 Fighting
 + Level 13.4 Axes
 - Level 2.4 Armour
 - Level 2.1 Dodging


You had 7 spell levels left.
You didn't know any spells.
Your spell library was empty.

Dungeon Overview and Level Annotations

Branches:
Dungeon (6/15)             Temple (0/1) D:5

Altars:
Ashenzari
Elyvilon
Fedhas
Gozag
Hepliaklqana
Xom
Yredelemnul
Zin
The Shining One

Shops:
D:4 =


Innate Abilities, Weirdness & Mutations

You reflexively headbutt those who attack you in melee.
You have a pair of horns on your head.


Message History

A gnoll comes into view. It is wielding a +0 spear.
The orc warrior hits you but does no damage.
The orc hits you but does no damage.
You are too injured to fight recklessly!
You are too injured to fight recklessly!
You are too injured to fight recklessly!
You barely miss the orc.
The orc is moderately wounded.
The orc warrior hits you from afar with a +0 halberd!
* * * LOW HITPOINT WARNING * * *
A red film seems to cover your vision as you go berserk!
You feel yourself moving faster!
You feel mighty!
You are feeling hungry.
The orc closely misses you.
A gnoll comes into view. It is wielding a +0 halberd.
You closely miss the orc. You headbutt the orc.
You kill the orc!
Trog accepts your kill.
The orc warrior hits you from afar with a +0 halberd!
You die...

...##..........#
..........#####.#
.## ..#####.## #.#
... .## #..####.#
.##g. ..# ##......##
.g..g## #.#
######... .......
#.# ##.(#.
.>...co####.###
#..##.
#o)@.....######.####
######..............
###....###.####
####......# ###....#
#....# ##...# #.(.#
#....#


You could see an orc warrior, a centaur, 3 gnolls and an orc.

Vanquished Creatures
  A basilisk (D:4)
  Menkaure (D:5)
  2 orc warriors
  A sky beast (D:6)
  2 ice beasts
  A phantom (D:4)
  A centaur (D:5)
  A big kobold (D:4)
  A wyvern skeleton (D:6)
  A quasit (D:5)
  A jelly (D:6)
  4 orc priests
  A bullfrog zombie (D:5)
  2 hounds (D:4)
  A bullfrog skeleton (D:6)
  4 orc wizards
  Ijyb (D:5)
  A worker ant (D:6)
  A hound zombie (D:5)
  A hound skeleton (D:4)
  3 gnolls (D:5)
  8 adders
  2 oozes
  3 adder skeletons
  4 dart slugs
  4 leopard geckos
  25 orcs
  3 bats
  2 giant cockroaches
  5 goblins
  7 hobgoblins
  7 jackals
  4 quokkas
  2 ball pythons
  3 frilled lizards
  10 kobolds
  2 leopard gecko skeletons (D:4)
  6 rats
129 creatures vanquished.

Notes
Turn   | Place    | Note
-------+----------+-------------------------------------------
     0 | D:1      | davaitedunem the Minotaur Berserker began the quest for the
                  | Orb.
     0 | D:1      | Reached XP level 1. HP: 19/19 MP: 0/0
    68 | D:1      | Reached skill level 4 in Axes
    68 | D:1      | Reached XP level 2. HP: 26/26 MP: 1/1
   491 | D:1      | Reached skill level 5 in Axes
   857 | D:2      | Reached XP level 3. HP: 31/31 MP: 2/2
  1056 | D:2      | Found a hazy altar of Hepliaklqana.
  1062 | D:2      | Reached ** piety under Trog
  1146 | D:2      | Found a glowing silver altar of Zin.
  1217 | D:2      | Reached XP level 4. HP: 39/39 MP: 3/3
  1246 | D:2      | Reached skill level 6 in Axes
  1545 | D:3      | Found a glowing golden altar of the Shining One.
  1635 | D:3      | Noticed an ice beast
  1645 | D:3      | Killed an ice beast
  1645 | D:3      | Reached skill level 7 in Axes
  1645 | D:3      | Reached XP level 5. HP: 34/45 MP: 4/4
  1852 | D:4      | Found a basalt altar of Yredelemnul.
  1876 | D:4      | Reached skill level 8 in Axes
  1976 | D:4      | Found a white marble altar of Elyvilon.
  2049 | D:4      | Found Biolotte's Jewellery Emporium.
  2064 | D:4      | Reached XP level 6. HP: 46/51 MP: 5/5
  2344 | D:4      | Found a transporter.
  2382 | D:4      | Reached skill level 9 in Axes
  2383 | D:4      | Noticed a basilisk
  2387 | D:4      | Found a blossoming altar of Fedhas.
  2400 | D:4      | Found a transporter.
  2628 | D:4      | Noticed an orc warrior
  2649 | D:4      | Killed an orc warrior
  2649 | D:4      | Reached XP level 7. HP: 57/57 MP: 6/6
  2653 | D:4      | Reached *** piety under Trog
  2758 | D:4      | Reached skill level 10 in Axes
  2765 | D:4      | Killed a basilisk
  2765 | D:4      | Reached skill level 11 in Axes
  2826 | D:5      | Entered Level 5 of the Dungeon
  2842 | D:5      | Found an opulent altar of Gozag.
  2842 | D:5      | Found a shimmering altar of Xom.
  2844 | D:5      | Noticed Menkaure
  2857 | D:5      | Killed Menkaure
  2857 | D:5      | Reached XP level 8. HP: 49/64 MP: 7/7
  2924 | D:5      | Noticed Ijyb
  2947 | D:5      | Killed Ijyb
  2949 | D:5      | Reached skill level 12 in Axes
  3007 | D:5      | Found a staircase to the Ecumenical Temple.
  3092 | D:5      | Found a shattered altar of Ashenzari.
  3344 | D:6      | Reached skill level 13 in Axes
  3456 | D:6      | Slain by an orc warrior

Skill      XL: |  1  2  3  4  5  6  7  8 |
---------------+-------------------------+-----
Axes           | 4 5 7 8 9 11 13 | 13.4
Fighting       | |  3.6
Armour         | |  2.4
Dodging        | |  2.1

Action                   |  1- 3 |  4- 6 |  7- 9 || total
-------------------------+-------+-------+-------++-------
Melee: Hand axe          |    80 |   124 |   149 ||   353
       Headbutt          |    18 |    15 |    25 ||    58
Invok: Trog's Hand       |       |     3 |     5 ||     8
       Berserk           |       |     2 |     4 ||     6
  Use: Scroll            |     5 |       |     2 ||     7
  Eat: Chunk             |     1 |     6 |     9 ||    16
Armor: Animal skin       |     7 |       |       ||     7
       Scale mail        |    14 |    53 |     1 ||    68
       Plate armour      |       |       |    91 ||    91
Dodge: Dodged            |    49 |    71 |    53 ||   173
